 Dungeon Crawl Stone Soup version 0.29-a0-490-g77b3608bb8 (webtiles) character file.

Game seed: 2132192883377516135

272 croobank the Covert (level 6, -1/79 HPs)
             Began as a Gnoll Delver on May 27, 2022.
             Slain by Duvessa
             ... wielding a +2 short sword of electrocution
              (7 damage)
             ... on level 5 of the Dungeon.
             The game lasted 00:12:55 (4647 turns).

croobank the Covert (Gnoll Delver)                  Turns: 4647, Time: 00:12:56

Health: -1/79      AC: 23    Str: 12    XL:     6   Next: 23%
Magic:  17/17      EV:  2    Int: 11    God:
Gold:   310        SH:  0    Dex: 13    Spells: 8/8 levels left

rFire   . . .      SeeInvis +   C - +0 war axe
rCold   . . .      Faith    .   (no shield)
rNeg    . . .      Spirit   .   (body armour currently unavailable)
rPois   +          Reflect  .   (helmet currently unavailable)
rElec   .          Harm     .   (cloak currently unavailable)
rCorr   .          Rampage  .   (gloves currently unavailable)
Will    .....      NoTele   +   (boots currently unavailable)
Stlth   ++++......              i - amulet of magic regeneration
HPRegen 0.23/turn               A - ring of see invisible
MPRegen 0.55/turn               h - ring of magical power

@: tree-form, hasted, very quick
A: stationary, stasis, torment immunity, boosted hp, (fangs 1), strong nose,
distributed training
a: no special abilities


You were on level 5 of the Dungeon.
You were a tree.
You visited 1 branch of the dungeon, and saw 5 of its levels.
You also visited: Ossuary.

You collected 310 gold pieces.

Inventory:

Hand Weapons
 a - a +0 hand axe
 b - a +0 hunting sling
 j - a +0 dagger
 o - a +1 short sword of speed
 C - a +0 war axe (weapon)
Missiles
 m - 9 poisoned darts (quivered)
 p - 154 stones
 y - 2 boomerangs
Armour
 t - the +0 hat of Words of Power (melded) {Str+4 Int+3}
   (You found it on level 2 of the Dungeon)

   Str:       It affects your strength (+4).
   Int:       It affects your intelligence (+3).
 u - a +0 leather armour
 w - a +0 ring mail (melded)
Jewellery
 h - a ring of magical power (right branch)
 i - an amulet of magic regeneration (around neck)
 s - a ring of positive energy
 A - a ring of see invisible (left branch)
Wands
 g - a wand of digging (3)
 B - a wand of polymorph (4)
Scrolls
 c - 2 scrolls of fog
 d - 2 scrolls of magic mapping
 e - a scroll of poison {unknown}
 l - a scroll of brand weapon {unknown}
 n - 9 scrolls of identify {unknown}
 r - 2 scrolls of immolation
 v - a scroll of teleportation {unknown}
 z - a scroll of fear
Potions
 q - a potion of brilliance


   Skills:
 + Level 6.8 Fighting
 + Level 1.8 Short Blades
 + Level 1.8 Long Blades
 + Level 4.9 Axes
 + Level 1.8 Maces & Flails
 + Level 1.8 Polearms
 + Level 1.8 Staves
 + Level 1.8 Slings
 + Level 1.8 Bows
 + Level 1.8 Crossbows
 + Level 1.8 Throwing
 + Level 1.8 Armour
 + Level 4.9 Dodging
 + Level 9.7 Stealth
 + Level 1.8 Shields
 + Level 1.8 Unarmed Combat
 + Level 1.8 Spellcasting
 + Level 1.4 Conjurations
 + Level 1.4 Hexes
 + Level 1.4 Summonings
 + Level 1.4 Necromancy
 + Level 1.4 Translocations
 + Level 1.4 Transmutations
 + Level 1.4 Fire Magic
 + Level 1.4 Ice Magic
 + Level 1.4 Air Magic
 + Level 1.4 Earth Magic
 + Level 1.4 Poison Magic
 + Level 2.0 Invocations
 + Level 1.8 Evocations


You had 8 spell levels left.
You didn't know any spells.
Your spell library contained the following spells:

 Spells                   Type           Power      Damage    Failure   Level
 Animate Armour           Summ/Erth      8%         N/A       85%         4
 Blade Hands              Tmut           2%         N/A       99%         5
 Iron Shot                Conj/Erth      2%         9d2       100%        6


Dungeon Overview and Level Annotations

Branches:
Dungeon (5/15)            Ossuary (visited)
 Temple: D:4-7

Altars:

Annotations:
D:5 Dowan, Duvessa


Innate Abilities, Weirdness & Mutations

You are a tree.
Your roots penetrate the ground, keeping you stationary.
You cannot be teleported.
You are immune to unholy pain and torment.
Your maximum health is greatly increased.
Your equipment is partially melded.
((You have very sharp teeth.))
Your uncanny sense of smell can sniff out nearby items.
Your experience applies equally to all skills.


Message History

Dowan casts a spell at Duvessa.
Duvessa seems to speed up.
Duvessa struggles against the net.
Duvessa struggles against the net. x2
The net rips apart, and Duvessa comes free!
You barely miss Duvessa. You bite Duvessa, but do no damage.
Duvessa barely misses you.
You closely miss Duvessa. You bite Duvessa, but do no damage.
Duvessa misses you.
Dowan says, "Magic and the sword, together, will defeat you."
You closely miss Duvessa. You hit Dowan.
Duvessa hits you with a +2 short sword of electrocution.
Dowan hits you but does no damage.
Duvessa hits you with a +2 short sword of electrocution!
Unknown command.
You hit Duvessa but do no damage. You hit Dowan.
Duvessa hits you with a +2 short sword of electrocution!
Dowan hits you with a +0 dagger.
Duvessa hits you with a +2 short sword of electrocution.
You are electrocuted!
* * * LOW HITPOINT WARNING * * *
Dowan barely misses you.
It was a potion of lignification.
You turn into a tree.
The +0 hat of Words of Power {Str+4 Int+3} melds into your body.
Your +0 ring mail melds into your body.
Your roots penetrate the ground.
Duvessa hits you but does no damage. x2
Dowan casts a spell at you. You resist with some effort.
You feel yourself speed up. Duvessa hits you but does no damage.
You are electrocuted!
* * * LOW HITPOINT WARNING * * *
Dowan hits you but does no damage.
You don't know any spells.
Okay, then.
You barely miss Duvessa. You hit Dowan. Duvessa hits you but does no damage.
You barely miss Duvessa. You closely miss Dowan.
Duvessa hits you but does no damage. Dowan hits you but does no damage.
You closely miss Duvessa. You barely miss Dowan.
Duvessa hits you with a +2 short sword of electrocution!
You die...

... ##......#####...## ....∆
##......†# #.###
.....##.†#....## ###.#
..............####...#
.......###....#....#########
.#.....# #####..##....<.†..#
.[..##.# #.###.........#
.... #..######.###.....†...#
... ...........♣e.........#
.. ##.###.....e..........#
.. ....................#
..###.......######### #
####.#..# #...## ##.## .


You could see Duvessa (fast) and Dowan.

Vanquished Creatures
  A howler monkey (D:5)
  A hound (D:5)
  A jelly (D:4)
  2 orc wizards
  6 adders
  2 white imps
  A worm (D:2)
  2 dart slugs
  An orc (D:4)
  5 ball pythons
  3 bats (D:1)
  5 endoplasms
  3 giant cockroaches (D:1)
  4 goblins
  4 hobgoblins
  6 kobolds
  3 quokkas
  3 frilled lizards
  4 rats
57 creatures vanquished.

Notes
Turn   | Place    | Note
-------+----------+-------------------------------------------
     0 | D:5      | Reached skill level 9 in Stealth
     0 | D:5      | croobank the Gnoll Delver began the quest for the Orb.
     0 | D:5      | Reached XP level 1. HP: 23/23 MP: 1/1
     4 | Ossuary  | Entered an ossuary
    63 | D:5      | Noticed a scorpion
   197 | D:3      | Reached XP level 2. HP: 19/29 MP: 2/2
   990 | D:1      | Reached XP level 3. HP: 15/35 MP: 3/3
  1568 | D:1      | Reached skill level 1 in Invocations
  2053 | D:2      | Reached skill level 1 in Short Blades
  2053 | D:2      | Reached skill level 1 in Long Blades
  2053 | D:2      | Reached skill level 1 in Maces & Flails
  2053 | D:2      | Reached skill level 1 in Polearms
  2053 | D:2      | Reached skill level 1 in Staves
  2053 | D:2      | Reached skill level 1 in Slings
  2053 | D:2      | Reached skill level 1 in Bows
  2053 | D:2      | Reached skill level 1 in Crossbows
  2053 | D:2      | Reached skill level 1 in Throwing
  2053 | D:2      | Reached skill level 1 in Armour
  2053 | D:2      | Reached skill level 1 in Shields
  2053 | D:2      | Reached skill level 1 in Unarmed Combat
  2053 | D:2      | Reached skill level 1 in Spellcasting
  2053 | D:2      | Reached skill level 1 in Evocations
  2058 | D:2      | Identified the +0 hat of Words of Power {Str+4 Int+3}
  2234 | D:2      | Reached XP level 4. HP: 37/41 MP: 5/5
  2976 | D:4      | Reached skill level 1 in Conjurations
  2976 | D:4      | Reached skill level 1 in Hexes
  2976 | D:4      | Reached skill level 1 in Summonings
  2976 | D:4      | Reached skill level 1 in Necromancy
  2976 | D:4      | Reached skill level 1 in Translocations
  2976 | D:4      | Reached skill level 1 in Transmutations
  2976 | D:4      | Reached skill level 1 in Fire Magic
  2976 | D:4      | Reached skill level 1 in Ice Magic
  2976 | D:4      | Reached skill level 1 in Air Magic
  2976 | D:4      | Reached skill level 1 in Earth Magic
  2976 | D:4      | Reached skill level 1 in Poison Magic
  3055 | D:4      | Reached XP level 5. HP: 21/47 MP: 5/7
  4508 | D:5      | Reached XP level 6. HP: 37/53 MP: 8/8
  4635 | D:5      | Noticed Duvessa
  4635 | D:5      | Noticed Dowan
  4647 | D:5      | Slain by Duvessa

Illustrated notes

Levels and vault maps discovered:
D:1:      kilobyte_arrival_exit_the_forest, layout_basic, minivault_23
D:2:      layout_basic, serial_corexii_hall, chequers_hall_statues_y,
          corexii_hall_statues_u, corexii_hall_statues_s,
          corexii_hall_statues_s, chequers_hall_statues_y,
          corexii_hall_statues_u, minmay_misc_feat_square
D:3:      layout_basic
D:4:      layout_gridville
D:5:      lemuel_insect_pit, layout_rooms, enter_ossuary_1,
          minmay_stone_trees_medium, minmay_crystal_room, grunt_decor_fettered,
          uniq_pikel, uniq_duvessa, uniq_prince_ribbit1, uniq_grinder

Skill      XL: |  1  2  3  4  5 |
---------------+----------------+-----
Stealth        | |  9.7
Invocations    | 1 2 |  2.0
Short Blades   | 1 |  1.8
Long Blades    | 1 |  1.8
Maces & Flails | 1 |  1.8
Polearms       | 1 |  1.8
Staves         | 1 |  1.8
Slings         | 1 |  1.8
Bows           | 1 |  1.8
Crossbows      | 1 |  1.8
Throwing       | 1 |  1.8
Armour         | 1 |  1.8
Shields        | 1 |  1.8
Unarmed Combat | 1 |  1.8
Spellcasting   | 1 |  1.8
Evocations     | 1 |  1.8
Conjurations   | 1 |  1.4
Hexes          | 1 |  1.4
Summonings     | 1 |  1.4
Necromancy     | 1 |  1.4
Translocations | 1 |  1.4
Transmutations | 1 |  1.4
Fire Magic     | 1 |  1.4
Ice Magic      | 1 |  1.4
Air Magic      | 1 |  1.4
Earth Magic    | 1 |  1.4
Poison Magic   | 1 |  1.4
Fighting       | |  6.8
Axes           | |  4.9
Dodging        | |  4.9

Action                   |  1- 3 |  4- 6 || total
-------------------------+-------+-------++-------
Melee: Hand axe          |    88 |    85 ||   173
       Bite              |    12 |     8 ||    20
       Short sword       |    18 |       ||    18
       Punch             |       |     4 ||     4
       War axe           |       |    20 ||    20
Throw: Throwing net      |       |     2 ||     2
  Use: Scroll            |     1 |       ||     1
       Potion            |       |     6 ||     6
 Stab: Sleeping          |    10 |     5 ||    15
Armor: Leather armour    |    12 |       ||    12
       Ring mail         |       |    38 ||    38
       Skin              |       |     7 ||     7
Dodge: Dodged            |    75 |    79 ||   154

Table legend: (Time is in decaauts)
 A = Elapsed time spent in this place.
 B = Non-inter-level travel time spent in this place.
 C = Inter-level travel time spent in this place.
 D = Time resting spent in this place.
 E = Time spent auto-exploring this place.
 F = Levels seen in this place.
 G = Mean time per level.
                   A        B        C        D        E       F      G
               +--------+--------+--------+--------+--------+-----+--------+
         Total |   4649 |   4539 |    110 |   1067 |   2595 |   6 |  774.8 |
       Dungeon |   4594 |   4484 |    110 |   1067 |   2595 |   5 |  918.8 |
       Ossuary |     54 |     54 |      0 |      0 |      0 |   1 |   54.0 |
               +--------+--------+--------+--------+--------+-----+--------+

Top non-repeatable levels by time:
     D:4: 1210 daAuts
     D:1: 1180 daAuts
     D:2: 1081 daAuts
     D:3: 955 daAuts
     D:5: 167 daAuts
 Ossuary: 54 daAuts
